 Dungeon Crawl Stone Soup version 0.28-a0-1033-g1a2f33fa85 (webtiles) character file.

Game seed: 11404498241550551387

88 bande the Covered (level 4, 0/29 HPs)
             Began as a Gargoyle Fighter on Dec 8, 2021.
             Killed from afar by an orc wizard (5 damage)
             ... with a magic dart
             ... on level 2 of the Dungeon.
             The game lasted 00:03:06 (1691 turns).

bande the Covered (Gargoyle Fighter)                Turns: 1691, Time: 00:03:07

Health: 0/29       AC: 13    Str: 19    XL:     4   Next: 54%
Magic:  4/4        EV:  7    Int:  9    God:
Gold:   72         SH:  4    Dex: 11    Spells: 3/3 levels left

rFire   . . .      SeeInvis .   a - +0 war axe
rCold   . . .      Faith    .   c - +0 buckler
rNeg    + . .      Spirit   .   k - +0 chain mail
rPois   ∞          Reflect  .   (no helmet)
rElec   +          Harm     .   l - scarf {repulsion}
rCorr   .          Rampage  .   (no gloves)
Will    .....                   (no boots)
Stlth   ..........              (no amulet)
HPRegen 0.09/turn               (no ring)
MPRegen 0.09/turn               (no ring)

@: repel missiles
A: sickness immunity, AC +3, negative energy resistance 1, electricity
resistance, torment resistance 1, petrification resistance
a: no special abilities


You were on level 2 of the Dungeon.
You visited 1 branch of the dungeon, and saw 2 of its levels.

You collected 72 gold pieces.

Inventory:

Hand Weapons
 a - a +0 war axe (weapon)
Armour
 c - a +0 buckler (worn)
 k - a +0 chain mail (worn)
 l - a scarf of repulsion (worn)
Jewellery
 g - a ring of see invisible
 h - an amulet of the acrobat
Scrolls
 b - a scroll of blinking {unknown}
 j - a scroll of amnesia {unknown}
 n - a scroll of enchant weapon {unknown}
 o - a scroll of torment {unknown}
Potions
 d - a potion of might
 e - a potion of mutation {unknown}
 f - a potion of lignification {unknown}
 i - a potion of ambrosia {unknown}
 m - 2 potions of flight {unknown}


   Skills:
 + Level 3.7 Fighting
 + Level 3.0 Axes
 + Level 4.2 Armour
 + Level 3.6 Shields


You had 3 spell levels left.
You didn't know any spells.
Your spell library contained the following spells:

 Spells                   Type           Power      Damage    Failure   Level
 Beastly Appendage        Tmut           0%         N/A       99%         1
 Wereblood                Tmut           0%         N/A       100%        2
 Spider Form              Tmut/Pois      0%         N/A       100%        3


Dungeon Overview and Level Annotations

Branches:
Dungeon (2/15)

Altars:

Shops:
D:1 ?(![


Innate Abilities, Weirdness & Mutations

You are immune to sickness and miasma.
Your stone body is resilient. (AC +3)
You are immune to poison.
You resist negative energy. (rN+)
You are resistant to electric shocks. (rElec)
You are resistant to unholy torment.
You are immune to petrification.


Message History

You completely miss something. You barely miss the orc.
You hear some strange, mumbled words.
A magic dart appears from out of thin air!
The magic dart hits you. The orc barely misses you.
Unknown command.
You barely miss the orc.
The orc is lightly wounded.
You hit something.
You hear some strange, mumbled words.
A puff of flame appears from out of thin air!
The puff of flame hits you. The orc hits you but does no damage.
Something hits you but does no damage.
You slash the orc!
You kill the orc!
You hit something. Something hits you but does no damage.
Your Axes skill increases to level 3!
Something hits you but does no damage.
Items here: ))) ? †.
Something hits you but does no damage. Something hits you but does no damage.
You miss something. Something hits you but does no damage.
You closely miss something.
Something hits you but does no damage. x2
You miss something. Something hits you but does no damage.
You miss something. Something hits you but does no damage.
You closely miss something. Something hits you but does no damage.
Something hits you.
* * * LOW HITPOINT WARNING * * *
You barely miss something.
You hear some strange, mumbled words.
Something tries to affect you, but you resist.
You miss something. Something hits you but does no damage.
You slash something!
Something hits you but does no damage. x2
You closely miss something. Something hits you but does no damage.
You closely miss something. Something hits you.
* * * LOW HITPOINT WARNING * * *
You miss something.
You hear some strange, mumbled words.
A magic dart appears from out of thin air!
The magic dart hits you.
You die...

################## #
#........#.......# #
#........#.......# #
#........#.......# #
#........#.......# #
#........#.......###
###.@.#####.......'..
#..){...##........###
#.).....##...##......
#.......##...##......
#............##......
#............+.......
##............#.#+##+#
#..........#..)...##
#........#.#.......#.#


There were no monsters in sight!

Vanquished Creatures
  An orc priest (D:2)
  A gnoll (D:1)
  2 dart slugs (D:1)
  3 orcs (D:2)
  3 bats (D:1)
  6 endoplasms
  2 giant cockroaches
  3 goblins (D:1)
  3 hobgoblins (D:1)
  2 jackals (D:1)
  2 quokkas
  4 ball pythons
  A frilled lizard (D:1)
  6 kobolds
  2 rats (D:1)
41 creatures vanquished.

Notes
Turn   | Place    | Note
-------+----------+-------------------------------------------
     0 | D:1      | bande the Gargoyle Fighter began the quest for the Orb.
     0 | D:1      | Reached XP level 1. HP: 14/14 MP: 1/1
    74 | D:1      | Reached XP level 2. HP: 19/19 MP: 2/2
    82 | D:1      | Found Cixifeoc's Magic Scroll Shoppe.
   305 | D:1      | Found Ivunuvohorr's Weapon Shop.
   311 | D:1      | Reached skill level 4 in Armour
   311 | D:1      | Reached XP level 3. HP: 17/23 MP: 3/3
   553 | D:1      | Found Woeqex's Armour Boutique.
   555 | D:1      | Found Omeyr's Distillery.
  1671 | D:2      | Reached XP level 4. HP: 29/29 MP: 4/4
  1691 | D:2      | Killed from afar by an orc wizard

Illustrated notes

Levels and vault maps discovered:
D:1:      minmay_arrival_doors, layout_loops_ring, serial_shops, shop, shop,
          nicolae_shop_temple_entry_statues_fountains, nicolae_lakefront_shop,
          chequers_serial_rivers_large_a
D:2:      layout_basic, nrook_campfire

Skill      XL: |  1  2  3  4 |
---------------+-------------+-----
Axes           | 2 3 |  3.0
Armour         | 4 |  4.2
Fighting       | |  3.7
Shields        | |  3.6

Action                   |  1- 3 |  4- 6 || total
-------------------------+-------+-------++-------
Melee: War axe           |    84 |    18 ||   102
Armor: Scale mail        |    35 |       ||    35
       Chain mail        |     9 |    22 ||    31
Dodge: Dodged            |    43 |     3 ||    46
Block: Buckler           |    23 |     4 ||    27

Table legend: (Time is in decaauts)
 A = Elapsed time spent in this place.
 B = Non-inter-level travel time spent in this place.
 C = Inter-level travel time spent in this place.
 D = Time resting spent in this place.
 E = Time spent auto-exploring this place.
 F = Levels seen in this place.
 G = Mean time per level.
                   A        B        C        D        E       F      G
               +--------+--------+--------+--------+--------+-----+--------+
         Total |   1741 |   1741 |      0 |    209 |   1124 |   2 |  870.5 |
       Dungeon |   1741 |   1741 |      0 |    209 |   1124 |   2 |  870.5 |
               +--------+--------+--------+--------+--------+-----+--------+

Top non-repeatable levels by time:
     D:1: 1257 daAuts
     D:2: 483 daAuts
